 Dungeon Crawl Stone Soup version 0.26-a0-708-g17f3b190f9 (webtiles) character file.

Game seed: 15835600322911960269

67 dickylongcocking the Stinger (level 4, 0/28 HPs)
             Began as a Formicid Venom Mage on Oct 30, 2020.
             Was an Initiate of Hepliaklqana.
             Slain by an orc
             ... wielding a +0 whip
              (3 damage)
             ... on level 3 of the Dungeon.
             The game lasted 00:02:01 (2731 turns).

dickylongcocking the Stinger (Formicid Venom Mage)  Turns: 2731, Time: 00:02:01

Health: 0/28       AC:  3    Str: 12    XL:     4   Next: 40%
Magic:  4/7        EV: 12    Int: 16    God:    Hepliaklqana [......]
Gold:   86         SH:  0    Dex: 11    Spells: 6/7 levels left

rFire    . . .     SeeInvis +   o - staff of air
rCold    . . .     Faith    .   (no shield)
rNeg     . . .     Spirit   .   a - +0 robe
rPois    .         Reflect  .   (helmet unavailable)
rElec    +         Harm     .   (no cloak)
rCorr    .         Rampage  .   j - +0 pair of gloves
MR       .....                  (no boots)
Stlth    ++........             (no amulet)
HPRegen  0.09/turn              (no ring)
MPRegen  0.10/turn              (no ring)

@: very slightly contaminated
A: permanent stasis, dig shafts and tunnels, four strong arms, reduced essence,
antennae 3
a: Dig, Shaft Self, Recall Ancestor, Ancestor Identity, Renounce Religion


You were on level 3 of the Dungeon.
You worshipped Hepliaklqana.
Hepliaklqana was noncommittal.
You visited 1 branch of the dungeon, and saw 3 of its levels.

You collected 86 gold pieces.

Inventory:

Hand Weapons
 d - a +0 short sword
Armour
 a - a +0 robe (worn)
 j - a +0 pair of gloves (worn)
Magical Staves
 o - an uncursed staff of air (weapon)
Scrolls
 b - 2 scrolls of enchant weapon {unknown}
 e - 2 scrolls of identify {unknown}
 f - a scroll of teleportation {unknown}
 i - 2 scrolls of remove curse {unknown}
 n - a scroll of amnesia {unknown}
Potions
 c - 3 potions of curing
 g - a potion of heal wounds {unknown}
 h - a potion of mutation {unknown}
 k - a potion of lignification {unknown}
 l - a potion of haste {unknown}
 m - a potion of ambrosia {unknown}


   Skills:
 * Level 1.2 Fighting
 - Level 1.9 Dodging
 - Level 2.4 Stealth
 - Level 2.2 Spellcasting
 - Level 1.1 Transmutations
 * Level 6.0 Poison Magic


You had 6 spell levels left.
You knew the following spells:

 Your Spells              Type           Power        Failure   Level
a - Sting                 Tmut/Pois      ##..         4%          1

Your spell library contained the following spells:

 Spells                   Type           Power        Failure   Level
 Poisonous Vapours        Pois/Air       ###...       9%          2
 Olgreb's Toxic Radiance  Pois           ###.....     17%         4
 Ignite Poison            Fire/Tmut/Pois #.......     22%         3
 Mephitic Cloud           Conj/Pois/Air  ##......     26%         3


Dungeon Overview and Level Annotations

Branches:
Dungeon (3/15)

Altars:
Ashenzari
Hepliaklqana
Ru


Innate Abilities, Weirdness & Mutations

You cannot be hasted, slowed, berserked, paralysed or teleported.
You can dig through walls and to a lower floor.
Your four strong arms can wield two-handed weapons with a shield.
You have a pair of large antennae on your head. (SInv)
Your life essence is reduced to manifest your ancestor. (-10% HP)


Message History

Confirm with . or Enter, or press ? or * to list all spells.
Aiming: Sting (safe; 4% risk of failure)
Press: ? - help, Shift-Dir - straight line, f - orc
Aim: an orc, wielding a +0 war axe and wearing a +0 leather armour The sting hits the orc.
The orc is poisoned.
The orc is severely wounded.
Ahumratum closely misses the orc.
The orc hits you with a +0 war axe!
* * * LOW HITPOINT WARNING * * *
The orc hits Ahumratum with a +0 war axe!
Unknown command.
You kill the orc!
Ahumratum hits the orc.
Ahumratum barely misses the orc.
Casting: Sting (safe; 4% risk of failure)
Confirm with . or Enter, or press ? or * to list all spells.
Aiming: Sting (safe; 4% risk of failure)
Press: ? - help, Shift-Dir - straight line, f - orc
Aim: an orc, wielding a +0 whip and wearing a +0 leather armour (almost dead)
The sting misses the orc.
The orc hits you with a +0 whip.
You die...

{ #... #####+ #..
...... #.# #
.......###.# #'##.
...........##......
.........)..[......
..........R.)......
#........o###......
#.......@.# ###...
#.........# ##
#......$..#
+.........#
#.........#####
#.............#
#............)#
######......<.#
#........#


You could see the friendly Ahumratum the ancestor and an orc.

Vanquished Creatures
  An adder (D:2)
  An orc (D:3)
  A ball python (D:3)
  8 bats
  4 giant cockroaches (D:1)
  6 goblins
  4 hobgoblins
  A jackal (D:3)
  A quokka (D:2)
  2 frilled lizards (D:1)
  5 kobolds
  A rat (D:2)
35 creatures vanquished.

Vanquished Creatures (collateral kills)
  An adder (D:3)
  An orc (D:3)
  A goblin (D:3)
  A hobgoblin (D:3)
  2 jackals (D:3)
6 creatures vanquished.

Grand Total: 41 creatures vanquished

Notes
Turn   | Place    | Note
-------+----------+-------------------------------------------
     0 | D:1      | dickylongcocking the Formicid Venom Mage began the quest
                  | for the Orb.
     0 | D:1      | Reached XP level 1. HP: 13/13 MP: 3/3
   302 | D:1      | Reached XP level 2. HP: 17/19 MP: 5/5
   948 | D:1      | Reached skill level 5 in Poison Magic
  1151 | D:1      | Reached XP level 3. HP: 24/24 MP: 3/6
  1698 | D:2      | Found a sacrificial altar of Ru.
  2177 | D:2      | Found a broken altar of Ashenzari.
  2177 | D:2      | Found a hazy altar of Hepliaklqana.
  2335 | D:2      | Became a worshipper of Hepliaklqana the Forgotten
  2384 | D:3      | Reached XP level 4. HP: 3/27 MP: 0/7
  2697 | D:3      | Reached skill level 1 in Fighting
  2699 | D:3      | Reached skill level 6 in Poison Magic
  2731 | D:3      | Slain by an orc

Illustrated notes

Levels and vault maps discovered:
D:1:      dpeg_arrival_rhombi, layout_basic
D:2:      layout_loops_corners, nicolae_ru_awakened_eye,
          gammafunk_temple_overflow_statue
D:3:      layout_basic, makhleb_grotto_becter

Skill      XL: |  1  2  3  4 |
---------------+-------------+-----
Poison Magic   | 5 6 |  6.0
Fighting       | 1 |  1.2
Dodging        | |  1.9
Stealth        | |  2.4
Spellcasting   | |  2.2
Transmutations | |  1.1

Action                   |  1- 3 |  4- 6 || total
-------------------------+-------+-------++-------
Melee: Short sword       |    36 |       ||    36
       Unarmed           |     1 |       ||     1
       Staff             |     2 |    14 ||    16
 Cast: Sting             |    52 |     3 ||    55
  Use: Potion            |       |     1 ||     1
 Stab: Sleeping          |     3 |       ||     3
Armor: Robe              |    42 |     3 ||    45
Dodge: Dodged            |    88 |    10 ||    98

Table legend: (Time is in decaauts)
 A = Elapsed time spent in this place.
 B = Non-inter-level travel time spent in this place.
 C = Inter-level travel time spent in this place.
 D = Time resting spent in this place.
 E = Time spent auto-exploring this place.
 F = Levels seen in this place.
 G = Mean time per level.
                   A        B        C        D        E       F      G
               +--------+--------+--------+--------+--------+-----+--------+
         Total |   2737 |   2607 |    130 |    615 |   1676 |   3 |  912.3 |
       Dungeon |   2737 |   2607 |    130 |    615 |   1676 |   3 |  912.3 |
               +--------+--------+--------+--------+--------+-----+--------+

Top non-repeatable levels by time:
     D:1: 1410 daAuts
     D:2: 1255 daAuts
     D:3: 71 daAuts
